 Dungeon Crawl Stone Soup version 0.27.1-1-g398f81649c (webtiles) character file.

Game seed: 8695205206710615653

7 H0rd4k the Insei (level 2, -3/18 HPs)
             Began as an Octopode Transmuter on Sept 6, 2021.
             Slain by a quokka (4 damage)
             ... on level 1 of the Dungeon.
             The game lasted 00:00:25 (281 turns).

H0rd4k the Insei (Octopode Transmuter)               Turns: 281, Time: 00:00:26

Health: -3/18      AC:  1    Str:  9    XL:     2   Next: 4%
Magic:  5/5        EV: 13    Int: 15    God:
Gold:   11         SH:  0    Dex: 12    Spells: 4/5 levels left

rFire    . . .     SeeInvis .     - Unarmed
rCold    . . .     Faith    .   (no shield)
rNeg     . . .     Spirit   .   (helmet restricted)
rPois    .         Reflect  .   (no amulet)
rElec    .         Harm     .   (no ring)
rCorr    .         Rampage  .   (no ring)
Will     .....                  (no ring)
Stlth    ++........             (no ring)
HPRegen  0.06/turn              (no ring)
MPRegen  0.09/turn              (no ring)
                                (no ring)
                                (no ring)

@: no status effects
A: almost no armour, amphibious, 8 rings, camouflage 1, gelatinous body 1,
(nimble swimmer 1), tentacles
a: no special abilities


You were on level 1 of the Dungeon.
You visited 1 branch of the dungeon, and saw 1 of its levels.

You collected 11 gold pieces.

Inventory:

Potions
 a - 2 potions of lignification {unknown}


   Skills:
 + Level 1.0 Fighting
 + Level 2.1 Dodging
 + Level 3.3 Unarmed Combat
 * Level 2.0 Spellcasting
 * Level 2.1 Transmutations


You had 4 spell levels left.
You knew the following spells:

 Your Spells              Type           Power      Damage    Failure   Level
a - Beastly Appendage     Tmut           14%        N/A       10%         1

Your spell library contained the following spells:

 Spells                   Type           Power      Damage    Failure   Level
 Wereblood                Tmut           7%         N/A       14%         2
 Spider Form              Tmut/Pois      2%         N/A       41%         3
 Ice Form                 Ice/Tmut       4%         N/A       82%         4


Dungeon Overview and Level Annotations

Branches:
Dungeon (1/15)

Altars:


Innate Abilities, Weirdness & Mutations

You cannot wear most types of armour.
You are amphibious.
You can wear up to eight rings at the same time.
Your skin changes colour to match your surroundings (Stealth+).
Your rubbery body absorbs attacks. (AC +1, EV +1)
((You are camouflaged near water. (Stealth+)))
You have tentacles for arms and can constrict up to eight enemies at once.


Message History

You are too injured to fight recklessly!
You are too injured to fight recklessly!
There are monsters nearby!
There are monsters nearby!
The quokka bites you.
You closely miss the quokka. You grab the quokka.
Your squeeze misses the quokka. You constrict the quokka.
The quokka closely misses you. The quokka barely misses you.
You tentacle-slap the quokka.
The quokka is heavily wounded.
You constrict the quokka. The quokka misses you.
You tentacle-slap the quokka.
The quokka is almost dead.
You constrict the quokka, but do no damage.
The quokka completely misses you.
You tentacle-slap the quokka but do no damage.
The quokka is almost dead.
You constrict the quokka.
You kill the quokka!
The giant cockroach bites you.
You barely miss the giant cockroach. You grab the giant cockroach.
You constrict the giant cockroach. The giant cockroach misses you.
You tentacle-slap the giant cockroach.
The giant cockroach is heavily wounded.
You constrict the giant cockroach. The giant cockroach closely misses you.
You tentacle-slap the giant cockroach.
You kill the giant cockroach!
You have reached level 2!
You tentacle-slap the quokka but do no damage.
Your grab misses the quokka. The quokka barely misses you.
The quokka bites you.
* * * LOW HITPOINT WARNING * * *
You tentacle-slap the quokka. Your grab misses the quokka.
Your squeeze misses the quokka.
The quokka is heavily wounded.
The quokka closely misses you.
You closely miss the quokka. Your grab misses the quokka.
The quokka is heavily wounded.
The quokka bites you.
You die...

.......# #......#
#......# #......#....#
.# #......#....#..#
#......#....#..
#gg....#......
##r#####....### #@#
#...... #.## #...#.##h
#####..####).......
#..........#.#.#.#.
####### #)....>....#.#
......####
##..).....##.#
.........## #........#
..
.(####....###........#
##
#######....##........#


You could see a quokka, a hobgoblin and a goblin.

Vanquished Creatures
  A giant cockroach (D:1)
  2 jackals (D:1)
  A kobold (D:1)
  A quokka (D:1)
  A rat (D:1)
6 creatures vanquished.

Notes
Turn   | Place    | Note
-------+----------+-------------------------------------------
     0 | D:1      | H0rd4k the Octopode Transmuter began the quest for the Orb.
     0 | D:1      | Reached XP level 1. HP: 13/13 MP: 3/3
   279 | D:1      | Reached XP level 2. HP: 5/18 MP: 5/5
   281 | D:1      | Slain by a quokka

Illustrated notes

Levels and vault maps discovered:
D:1:      dpeg_arrival_snail, layout_basic, ebering_ecumenical_altar_box

Action                   || total
-------------------------++-------
Melee: Unarmed           ||    21
       Constrict         ||     5
       Tentacles         ||     2
Dodge: Dodged            ||    15
